TOP OF THE 1ST |
Bloomington Longnecks batting - Pitching for Hialeah Dodos : RHP Jim Unknown
|
Pitching: RHP Jim Unknown
|
|
Batting: LHB John Ennis
|
0-0: Called Strike 0-1: Foul Ball, location: 2F 0-2: Ball 1-2: DOUBLE (Groundball, 3L)
|
Batting: LHB Gabriel Díaz
|
0-0: SINGLE (Groundball, 4M) (infield hit) John Ennis to third
|
Batting: RHB Darrell Terwey
|
0-0: Called Strike 0-1: 3-RUN HOME RUN (Line Drive, 78XD), Distance : 417 ft
|
Batting: RHB José López
|
0-0: Swinging Strike 0-1: Ball 1-1: Called Strike 1-2: Ball 2-2: SINGLE (Groundball, 56D)
|
Batting: RHB Tripp Donahue
|
0-0: Called Strike 0-1: Swinging Strike 0-2: Fly out, F8 (Flyball, 8RS)
|
Batting: RHB Micheal Murdoch
|
0-0: Ball 1-0: Ball 2-0: Ball 3-0: Foul Ball, location: 2F 3-1: SINGLE (Groundball, 6MD) José López to second
|
Batting: RHB Sergio Cortéz
|
0-0: Called Strike 0-1: Ball 1-1: Called Strike 1-2: Ball 2-2: Ball 3-2: Foul Ball, location: 2F 3-2: Foul Ball, location: 2F 3-2: Strikes out swinging
|
Batting: RHB Bubba Blevins
|
0-0: Ball 1-0: Ball 2-0: SINGLE (Groundball, 4MD) José López to third Micheal Murdoch to second Runner from 3rd tries for Home, SAFE, throw made home
|
Batting: RHB Grady Walkinshaw
|
0-0: Foul Ball, location: 2F 0-1: Ground out 2-3 (Groundball, 15S)
|
Top of the 1st over - 4 run(s), 6 hit(s), 0 error(s), 2 left on base; Bloomington 4 - Hialeah 0 |
BOTTOM OF THE 1ST |
Hialeah Dodos batting - Pitching for Bloomington Longnecks : RHP Pedro Lara
|
Pitching: RHP Pedro Lara
|
|
Batting: SHB Javier Gonzáles
|
0-0: Called Strike 0-1: Ground out 4-3 (Groundball, 4M)
|
Batting: RHB Aurelio Álvarez
|
0-0: Ball 1-0: Ball 2-0: Swinging Strike 2-1: Called Strike 2-2: Ball 3-2: Strikes out swinging
|
Batting: RHB Diego Bonilla
|
0-0: Called Strike 0-1: Called Strike 0-2: Ball 1-2: Strikes out swinging
|
Bottom of the 1st over - 0 run(s), 0 hit(s), 0 error(s), 0 left on base; Bloomington 4 - Hialeah 0 |
TOP OF THE 2ND |
Bloomington Longnecks batting - Pitching for Hialeah Dodos : RHP Jim Unknown
|
Batting: LHB John Ennis
|
0-0: Ball 1-0: Ball 2-0: Ball 3-0: Called Strike 3-1: Foul Ball, location: 2F 3-2: Base on Balls
|
Batting: LHB Gabriel Díaz
|
0-0: Called Strike 0-1: Reached on error, E4 (Groundball, 4) John Ennis to second
|
Batting: RHB Darrell Terwey
|
0-0: Called Strike 0-1: Ball 1-1: Ball 2-1: Foul Ball, location: 2F 2-2: Foul Ball, location: 2F 2-2: Foul Ball, location: 2F 2-2: Strikes out swinging
|
Batting: RHB José López
|
0-0: Called Strike 0-1: Fly out, F9 (Flyball, 89M)
|
Batting: RHB Tripp Donahue
|
0-0: Called Strike 0-1: Ball 1-1: Foul Ball, location: 2F 1-2: Strikes out swinging
|
Top of the 2nd over - 0 run(s), 0 hit(s), 1 error(s), 2 left on base; Bloomington 4 - Hialeah 0 |
BOTTOM OF THE 2ND |
Hialeah Dodos batting - Pitching for Bloomington Longnecks : RHP Pedro Lara
|
Batting: LHB Perry Bothof
|
0-0: Ground out U3 (Groundball, 3)
|
Batting: LHB Alfonso Núñez
|
0-0: Called Strike 0-1: Ball 1-1: Reached on error, E4 (Groundball, 4)
|
Batting: RHB Alexis Smeddon
|
0-0: Ball 1-0: Called Strike Alfonso Núñez is caught stealing 3rd base 1-1: Foul Ball, location: 2F 1-2: Ground out 5-3 (Groundball, 56)
|
Bottom of the 2nd over - 0 run(s), 0 hit(s), 1 error(s), 0 left on base; Bloomington 4 - Hialeah 0 |
TOP OF THE 3RD |
Bloomington Longnecks batting - Pitching for Hialeah Dodos : RHP Jim Unknown
|
Batting: RHB Micheal Murdoch
|
0-0: Ball 1-0: Called Strike 1-1: Ball 2-1: Called Strike 2-2: Foul Ball, location: 2F 2-2: Ball 3-2: Base on Balls
|
Batting: RHB Sergio Cortéz
|
0-0: Fly out, F8 (Flyball, 8RM)
|
Batting: RHB Bubba Blevins
|
0-0: Called Strike 0-1: Ball 1-1: Ball 2-1: Fly out, F9 (Flyball, 89M)
|
Batting: RHB Grady Walkinshaw
|
0-0: Ball 1-0: Called Strike 1-1: Foul Ball, location: 2F 1-2: Ball 2-2: Fly out, F6 (Line Drive, 6D)
|
Top of the 3rd over - 0 run(s), 0 hit(s), 0 error(s), 1 left on base; Bloomington 4 - Hialeah 0 |
BOTTOM OF THE 3RD |
Hialeah Dodos batting - Pitching for Bloomington Longnecks : RHP Pedro Lara
|
Batting: LHB Errol Levick
|
0-0: Ball 1-0: Ground out 4-3 (Groundball, 4M)
|
Batting: RHB Vincente Rotham
|
0-0: SINGLE (Groundball, 4MD)
|
Batting: RHB Javier Santos
|
0-0: Ball Vincente Rotham steals 2nd base 1-0: SINGLE (Groundball, 4MD) Vincente Rotham to third
|
Batting: SHB Javier Gonzáles
|
0-0: Swinging Strike 0-1: Swinging Strike 0-2: Ball 1-2: Ball 2-2: Strikes out looking
|
Batting: RHB Aurelio Álvarez
|
0-0: Ball 1-0: Ground out 4-3 (Groundball, 34D)
|
Bottom of the 3rd over - 0 run(s), 2 hit(s), 0 error(s), 2 left on base; Bloomington 4 - Hialeah 0 |
TOP OF THE 4TH |
Bloomington Longnecks batting - Pitching for Hialeah Dodos : RHP Jim Unknown
|
Batting: LHB John Ennis
|
0-0: Called Strike 0-1: Foul Ball, location: 2F 0-2: Foul Ball, location: 2F 0-2: Ball 1-2: Foul Ball, location: 2F 1-2: Fly out, F8 (Line Drive, 89S)
|
Batting: LHB Gabriel Díaz
|
0-0: Ball 1-0: Ball 2-0: Called Strike 2-1: Ball 3-1: Called Strike 3-2: SINGLE (Groundball, 6MS) (infield hit)
|
Batting: RHB Darrell Terwey
|
0-0: Ball 1-0: Foul Ball, location: 2F 1-1: Ball 2-1: Grounds into double play, 6-4-3 (Groundball, 6)
|
Top of the 4th over - 0 run(s), 1 hit(s), 0 error(s), 0 left on base; Bloomington 4 - Hialeah 0 |
BOTTOM OF THE 4TH |
Hialeah Dodos batting - Pitching for Bloomington Longnecks : RHP Pedro Lara
|
Batting: RHB Diego Bonilla
|
0-0: Called Strike 0-1: Ground out 4-3 (Groundball, 4)
|
Batting: LHB Perry Bothof
|
0-0: Called Strike 0-1: Ball 1-1: Swinging Strike 1-2: Ball 2-2: Fly out, F4 (Popup, 3D)
|
Batting: LHB Alfonso Núñez
|
0-0: Called Strike 0-1: Ball 1-1: Ground out 4-3 (Groundball, 4)
|
Bottom of the 4th over - 0 run(s), 0 hit(s), 0 error(s), 0 left on base; Bloomington 4 - Hialeah 0 |
TOP OF THE 5TH |
Bloomington Longnecks batting - Pitching for Hialeah Dodos : RHP Jim Unknown
|
Batting: RHB José López
|
0-0: Fly out, F9 (Flyball, 9S)
|
Batting: RHB Tripp Donahue
|
0-0: Ball 1-0: SINGLE (Flyball, 8RS)
|
Batting: RHB Micheal Murdoch
|
0-0: Ball 1-0: Called Strike 1-1: Fly out, F6 (Line Drive, 6)
|
Batting: RHB Sergio Cortéz
|
0-0: Swinging Strike 0-1: Ball 1-1: Fly out, F3 (Popup, 3S)
|
Top of the 5th over - 0 run(s), 1 hit(s), 0 error(s), 1 left on base; Bloomington 4 - Hialeah 0 |
BOTTOM OF THE 5TH |
Hialeah Dodos batting - Pitching for Bloomington Longnecks : RHP Pedro Lara
|
Batting: RHB Alexis Smeddon
|
0-0: Ball 1-0: Ball 2-0: Called Strike 2-1: Ball 3-1: Base on Balls
|
Batting: LHB Errol Levick
|
0-0: Called Strike 0-1: SINGLE (Groundball, 4MD) Alexis Smeddon to second Runner from 2nd tries for 3rd, SAFE, throw made to third
|
Batting: RHB Vincente Rotham
|
0-0: Ball 1-0: SINGLE (Groundball, 34S) (infield hit) Alexis Smeddon scores Errol Levick to second
|
Batting: RHB Javier Santos
|
0-0: Ball 1-0: Ball 2-0: Ball 3-0: Base on Balls Errol Levick to third Vincente Rotham to second
|
Batting: SHB Javier Gonzáles
|
0-0: Ball 1-0: SINGLE (Groundball, 6D) Errol Levick scores Vincente Rotham to third Javier Santos to second Runner from 3rd tries for Home, SAFE, no throw
|
Batting: RHB Aurelio Álvarez
|
0-0: Ball 1-0: Sac Bunt - play at first, batter OUT! 1-3 Javier Santos to third Javier Gonzáles to second
|
Batting: RHB Diego Bonilla
|
0-0: Ball 1-0: Called Strike 1-1: Ball 2-1: Called Strike 2-2: Foul Ball, location: 2F 2-2: Ground out 4-3 (Groundball, 4MS)
|
Batting: LHB Perry Bothof
|
0-0: Ball 1-0: Ball 2-0: Ball 3-0: Base on Balls
|
Batting: LHB Alfonso Núñez
|
0-0: Foul Ball, location: 2F 0-1: Swinging Strike 0-2: Ball 1-2: Fly out, F8 (Flyball, 89M)
|
Bottom of the 5th over - 3 run(s), 3 hit(s), 0 error(s), 3 left on base; Bloomington 4 - Hialeah 3 |
TOP OF THE 6TH |
Bloomington Longnecks batting - Pitching for Hialeah Dodos : RHP Jim Unknown
|
Batting: RHB Bubba Blevins
|
0-0: Called Strike 0-1: Ground out 5-3 (Groundball, 5)
|
Batting: RHB Grady Walkinshaw
|
0-0: Ball 1-0: Foul Ball, location: 2F 1-1: Ball 2-1: Fly out, F7 (Flyball, 7S)
|
Batting: LHB John Ennis
|
0-0: Foul Ball, location: 2F 0-1: Ball 1-1: Foul Ball, location: 2F 1-2: Ground out 4-3 (Groundball, 4MS)
|
Top of the 6th over - 0 run(s), 0 hit(s), 0 error(s), 0 left on base; Bloomington 4 - Hialeah 3 |
BOTTOM OF THE 6TH |
Hialeah Dodos batting - Pitching for Bloomington Longnecks : RHP Pedro Lara
|
Batting: RHB Alexis Smeddon
|
0-0: Foul Ball, location: 2F 0-1: Ball 1-1: Ball 2-1: Called Strike 2-2: SINGLE (Groundball, 13) (infield hit)
|
Batting: LHB Errol Levick
|
0-0: Ball 1-0: Called Strike 1-1: Ball 2-1: Foul Ball, location: 2F 2-2: Ball 3-2: Base on Balls Alexis Smeddon to second
|
Batting: RHB Vincente Rotham
|
0-0: Bunted foul 0-1: Sac Bunt - play at first, batter OUT! 5-4 Alexis Smeddon to third Errol Levick to second
|
Batting: RHB Javier Santos
|
0-0: Fly out, F9 (Flyball, 89S)
|
Batting: SHB Javier Gonzáles
|
0-0: Ball 1-0: Ball 2-0: Called Strike 2-1: Ball 3-1: Ground out 6-3 (Groundball, 6)
|
Bottom of the 6th over - 0 run(s), 1 hit(s), 0 error(s), 2 left on base; Bloomington 4 - Hialeah 3 |
TOP OF THE 7TH |
Bloomington Longnecks batting - Pitching for Hialeah Dodos : RHP Jim Unknown
|
Batting: LHB Gabriel Díaz
|
0-0: Called Strike 0-1: Fly out, F6 (Line Drive, 6)
|
Batting: RHB Darrell Terwey
|
0-0: Fly out, F7 (Flyball, 7S)
|
Batting: RHB José López
|
0-0: Ball 1-0: Called Strike 1-1: Ball 2-1: Foul Ball, location: 2F 2-2: Foul Ball, location: 2F 2-2: Foul Ball, location: 2F 2-2: Fly out, F6 (Line Drive, 6)
|
Top of the 7th over - 0 run(s), 0 hit(s), 0 error(s), 0 left on base; Bloomington 4 - Hialeah 3 |
BOTTOM OF THE 7TH |
Hialeah Dodos batting - Pitching for Bloomington Longnecks : RHP Pedro Lara
|
Batting: RHB Aurelio Álvarez
|
0-0: Ball 1-0: Foul Ball, location: 2F 1-1: Fly out, F8 (Flyball, 8RS)
|
Batting: RHB Diego Bonilla
|
0-0: Ball 1-0: Foul Ball, location: 2F 1-1: Fly out, F8 (Flyball, 78M)
|
Batting: LHB Perry Bothof
|
0-0: Fly out, F8 (Flyball, 8RM)
|
Bottom of the 7th over - 0 run(s), 0 hit(s), 0 error(s), 0 left on base; Bloomington 4 - Hialeah 3 |
TOP OF THE 8TH |
Bloomington Longnecks batting - Pitching for Hialeah Dodos : RHP Jim Unknown
|
Pitching: LHP Travis Grant
|
|
Batting: RHB Tripp Donahue
|
0-0: Ball 1-0: Foul Ball, location: 2F 1-1: Fly out, F4 (Popup, 4MD)
|
Batting: RHB Micheal Murdoch
|
0-0: Foul Ball, location: 2F 0-1: Ball 1-1: Ball 2-1: Ball 3-1: Called Strike 3-2: DOUBLE (Groundball, 5L)
|
Pinch Hitting: RHB Ethan Miller
|
0-0: Intentional Walk
|
Pinch Hitting: RHB Aurelio Vázquez
|
0-0: Ball 1-0: Ball 2-0: Ball 3-0: Called Strike 3-1: Called Strike 3-2: Strikes out swinging
|
Batting: RHB Grady Walkinshaw
|
0-0: Called Strike 0-1: Foul Ball, location: 2F 0-2: Strikes out looking
|
Top of the 8th over - 0 run(s), 1 hit(s), 0 error(s), 2 left on base; Bloomington 4 - Hialeah 3 |
BOTTOM OF THE 8TH |
Hialeah Dodos batting - Pitching for Bloomington Longnecks : RHP Pedro Lara
|
Now at 2B: Albert Santos
|
|
Now in LF: Javier De Jesús
|
|
Batting: LHB Alfonso Núñez
|
0-0: Swinging Strike 0-1: SOLO HOME RUN (Flyball, 9D), Distance : 370 ft
|
Pinch Hitting: LHB Raúl Aguirre
|
0-0: Ball 1-0: Ball 2-0: Ball 3-0: Called Strike 3-1: Base on Balls
|
Batting: LHB Errol Levick
|
0-0: Foul Ball, location: 2F 0-1: Grounds into double play, 4-6-3 (Groundball, 4)
|
Pinch Hitting: SHB Vincente Ybarra
|
0-0: Foul Ball, location: 2F 0-1: Ground out 4-3 (Groundball, 4)
|
Bottom of the 8th over - 1 run(s), 1 hit(s), 0 error(s), 0 left on base; Bloomington 4 - Hialeah 4 |
TOP OF THE 9TH |
Bloomington Longnecks batting - Pitching for Hialeah Dodos : LHP Travis Grant
|
Pitching: RHP Jim Unknown
|
|
Now at SS: Craig Stewart
|
|
Now in LF: Raúl Aguirre
|
|
Pinch Hitting: LHB Ray Anderson
|
0-0: Ball 1-0: SINGLE (Line Drive, 34D)
|
Batting: LHB Gabriel Díaz
|
0-0: Sac Bunt - play at second, runner OUT! 1-6
|
Batting: RHB Darrell Terwey
|
0-0: Ball 1-0: Ball 2-0: Called Strike 2-1: Grounds into double play, 5-4-3 (Groundball, 56)
|
Top of the 9th over - 0 run(s), 1 hit(s), 0 error(s), 0 left on base; Bloomington 4 - Hialeah 4 |
BOTTOM OF THE 9TH |
Hialeah Dodos batting - Pitching for Bloomington Longnecks : RHP Pedro Lara
|
Pitching: RHP Henry Hart
|
|
Now in RF: Ray Anderson
|
|
Pinch Hitting: RHB Lorenzo Ramírez
|
0-0: Ball 1-0: Fly out, F8 (Flyball, 8RS)
|
Batting: SHB Javier Gonzáles
|
0-0: Ball 1-0: Swinging Strike 1-1: Ball 2-1: Called Strike 2-2: Ground out 4-3 (Groundball, 4)
|
Batting: RHB Aurelio Álvarez
|
0-0: Ball 1-0: Swinging Strike 1-1: Ball 2-1: SINGLE (Flyball, 9S)
|
Batting: RHB Diego Bonilla
|
0-0: Ball Aurelio Álvarez is caught stealing 2nd base
|
Bottom of the 9th over - 0 run(s), 1 hit(s), 0 error(s), 0 left on base; Bloomington 4 - Hialeah 4 |
TOP OF THE 10TH |
Bloomington Longnecks batting - Pitching for Hialeah Dodos : RHP Jim Unknown
|
Now at C: Lorenzo Ramírez
|
|
Batting: RHB José López
|
0-0: SINGLE (Line Drive, 3)
|
Batting: RHB Tripp Donahue
|
0-0: Ball 1-0: Ball 2-0: Called Strike 2-1: Called Strike 2-2: Ball 3-2: Foul Ball, location: 2F 3-2: Fly out, F7 (Flyball, 7LMF)
|
Batting: RHB Micheal Murdoch
|
0-0: Ball 1-0: Foul Ball, location: 2F 1-1: SINGLE (Groundball, 6) (infield hit) José López to second
|
Batting: SHB Albert Santos
|
0-0: Called Strike 0-1: SINGLE (Groundball, 4) (infield hit) José López to third Micheal Murdoch to second
|
Pinch Hitting: SHB Jared Jefferson
|
0-0: Called Strike 0-1: Ball 1-1: Ball 2-1: Called Strike 2-2: Ball 3-2: SINGLE (Line Drive, 4M) José López scores Micheal Murdoch to third Albert Santos to second
|
Batting: RHB Grady Walkinshaw
|
0-0: Ball 1-0: Called Strike 1-1: Called Strike 1-2: Strikes out swinging
|
Batting: LHB Ray Anderson
|
0-0: Ball 1-0: Foul Ball, location: 2F 1-1: Ball 2-1: Fielders Choice at 2nd, 6-4 (Groundball, 6)
|
Top of the 10th over - 1 run(s), 4 hit(s), 0 error(s), 2 left on base; Bloomington 5 - Hialeah 4 |
BOTTOM OF THE 10TH |
Hialeah Dodos batting - Pitching for Bloomington Longnecks : RHP Henry Hart
|
Now in LF: Jared Jefferson
|
|
Batting: RHB Diego Bonilla
|
0-0: Called Strike 0-1: Ground out 6-3 (Groundball, 6)
|
Batting: LHB Perry Bothof
|
0-0: Swinging Strike 0-1: Foul Ball, location: 2F 0-2: Foul Ball, location: 2F 0-2: Ground out 1-3 (Groundball, 15S)
|
Batting: LHB Alfonso Núñez
|
0-0: Called Strike 0-1: Ball 1-1: Ball 2-1: Foul Ball, location: 2F 2-2: Ball 3-2: Ground out 1-3 (Groundball, 13)
|
Bottom of the 10th over - 0 run(s), 0 hit(s), 0 error(s), 0 left on base; Bloomington 5 - Hialeah 4 |
|